[ PARTIDA AOE2 · #506889331 ]
UnrankedTeutones vs Sicilians
Equipo del jugador · VICT
Equipo rival · DERR
[ ANÁLISIS DE REPETICIÓN · EXTRAÍDO DE LA PARTIDA GRABADA ]
Feudal
—
Castillos
—
Imperial
—
| APM promedio | 60.3 |
| APM pico | 136 |
| eAPM promedio | 32.8 |
| Aldeanos / militares | 74 / 0 |
Foco
⚔️ 17.7% · 🌾 82.3%
Feudal
—
Castillos
—
Imperial
—
| APM promedio | 15.2 |
| APM pico | 27 |
| eAPM promedio | 7.6 |
| Aldeanos / militares | 26 / 0 |
Foco
⚔️ 4.8% · 🌾 95.2%
Mapa de la partida
Recursos iniciales + cada clic de construcción. Líneas = muros · curvas = relieve. ◆ oro · ⬟ piedra · ● bayas · ✦ reliquia · ◌ hueco del cierre
Tu base
Base de GenGaiusMarius
Terreno inicial suavizado · ◌ = hueco del cierre detectado · pasá el cursor para detalles
Inputs por minuto
— [Heals] Teutonic Fortress - - GenGaiusMarius
Build order — [Heals] Teutonic Fortress
84 acciones detectadas en el replay
| 0:01 | Encolar | Villager (Male) |
| 0:02 | Encolar | Villager (Male) |
| 0:02 | Encolar | Villager (Male) |
| 0:02 | Encolar | Villager (Male) |
| 0:02 | Encolar | Villager (Male) |
| 0:02 | Encolar | Villager (Male) |
| 0:02 | Encolar | Villager (Male) |
| 0:02 | Encolar | Villager (Male) |
| 0:02 | Encolar | Villager (Male) |
| 0:03 | Construir | House |
| 0:04 | Construir | House |
| 1:27 | Encolar | Villager (Male) |
| 1:27 | Encolar | Villager (Male) |
| 1:27 | Encolar | Villager (Male) |
| 1:27 | Encolar | Villager (Male) |
| 1:27 | Encolar | Villager (Male) |
| 1:27 | Encolar | Villager (Male) |
| 1:27 | Encolar | Villager (Male) |
| 1:50 | Encolar | Villager (Male) |
| 1:50 | Encolar | Villager (Male) |
| 2:14 | Construir | Mill |
| 2:22 | Encolar | Villager (Male) |
| 2:22 | Encolar | Villager (Male) |
| 2:41 | Construir | House |
| 2:41 | Construir | House |
| 2:46 | Construir | House |
| 2:47 | Construir | House |
| 2:55 | Encolar | Villager (Male) |
| 2:55 | Encolar | Villager (Male) |
| 2:55 | Encolar | Villager (Male) |
| 2:55 | Encolar | Villager (Male) |
| 2:55 | Encolar | Villager (Male) |
| 2:55 | Encolar | Villager (Male) |
| 3:34 | Encolar | Villager (Male) |
| 3:34 | Encolar | Villager (Male) |
| 3:35 | Encolar | Villager (Male) |
| 3:35 | Encolar | Villager (Male) |
| 3:35 | Encolar | Villager (Male) |
| 3:35 | Encolar | Villager (Male) |
| 3:56 | Encolar | Villager (Male) |
| 3:56 | Encolar | Villager (Male) |
| 3:56 | Encolar | Villager (Male) |
| 3:57 | Encolar | Villager (Male) |
| 3:57 | Encolar | Villager (Male) |
| 4:09 | Encolar | Villager (Male) |
| 4:09 | Encolar | Villager (Male) |
| 4:09 | Encolar | Villager (Male) |
| 4:09 | Encolar | Villager (Male) |
| 4:09 | Encolar | Villager (Male) |
| 4:09 | Encolar | Villager (Male) |
| 4:09 | Encolar | Villager (Male) |
| 4:17 | Encolar | Villager (Male) |
| 4:18 | Encolar | Villager (Male) |
| 4:18 | Encolar | Villager (Male) |
| 4:18 | Encolar | Villager (Male) |
| 4:18 | Encolar | Villager (Male) |
| 4:18 | Encolar | Villager (Male) |
| 4:18 | Encolar | Villager (Male) |
| 5:00 | Encolar | Villager (Male) |
| 5:00 | Encolar | Villager (Male) |
| 5:00 | Encolar | Villager (Male) |
| 5:00 | Encolar | Villager (Male) |
| 5:00 | Encolar | Villager (Male) |
| 5:30 | Encolar | Villager (Male) |
| 5:31 | Encolar | Villager (Male) |
| 5:31 | Encolar | Villager (Male) |
| 5:31 | Encolar | Villager (Male) |
| 5:41 | Encolar | Villager (Male) |
| 5:41 | Encolar | Villager (Male) |
| 5:41 | Encolar | Villager (Male) |
| 5:41 | Encolar | Villager (Male) |
| 5:41 | Encolar | Villager (Male) |
| 5:51 | Encolar | Villager (Male) |
| 5:52 | Encolar | Villager (Male) |
| 5:52 | Encolar | Villager (Male) |
| 5:52 | Encolar | Villager (Male) |
| 5:52 | Encolar | Villager (Male) |
| 5:52 | Encolar | Villager (Male) |
| 5:52 | Encolar | Villager (Male) |
| 7:51 | Construir | Lumber Camp |
| 8:14 | Construir | Lumber Camp |
| 8:30 | Encolar | Villager (Male) |
| 8:41 | Investigar | Loom |
| 8:59 | Encolar | Villager (Male) |
Build order — GenGaiusMarius
35 acciones detectadas en el replay
| 0:05 | Construir | House |
| 0:06 | Construir | House |
| 0:09 | Encolar | Villager (Male) |
| 0:09 | Encolar | Villager (Male) |
| 0:09 | Encolar | Villager (Male) |
| 0:09 | Encolar | Villager (Male) |
| 1:44 | Encolar | Villager (Male) |
| 2:02 | Encolar | Villager (Male) |
| 2:43 | Encolar | Villager (Male) |
| 2:44 | Encolar | Villager (Male) |
| 3:02 | Construir | Lumber Camp |
| 3:03 | Encolar | Villager (Male) |
| 3:26 | Construir | House |
| 3:34 | Encolar | Villager (Male) |
| 4:03 | Encolar | Villager (Male) |
| 4:04 | Encolar | Villager (Male) |
| 4:47 | Encolar | Villager (Male) |
| 4:47 | Encolar | Villager (Male) |
| 5:15 | Construir | Mill |
| 5:21 | Encolar | Villager (Male) |
| 5:39 | Encolar | Villager (Male) |
| 5:42 | Encolar | Villager (Male) |
| 6:03 | Construir | House |
| 6:36 | Encolar | Villager (Male) |
| 6:37 | Encolar | Villager (Male) |
| 6:59 | Construir | House |
| 7:05 | Encolar | Villager (Male) |
| 7:12 | Investigar | Loom |
| 7:14 | Encolar | Villager (Male) |
| 7:49 | Encolar | Villager (Male) |
| 7:54 | Encolar | Villager (Male) |
| 7:56 | Encolar | Villager (Male) |
| 7:56 | Encolar | Villager (Male) |
| 8:43 | Encolar | Villager (Male) |
| 9:06 | Construir | Town Center |
Cronología de la partida
| 10:03 | GenGaiusMarius · resign |
[ ANÁLISIS IA · 1 CRÉDITO ]
¿Qué pasó realmente en esta partida?
Wolo.gg analiza cada decisión: build order, eco, micro, errores típicos por bracket. Análisis personalizado por WhatsApp o Discord en 30 segundos.
Guía civ
Teutones
Perfil
Jugador #1078978